 Dungeon Crawl Stone Soup version 0.30.0-5-g1a98f26d00 (webtiles) character file.

Game seed: 17758490802674589145

23 SnakkuSnakku7 the Magician (level 2, -1/16 HPs)
             Began as a Deep Elf Transmuter on May 11, 2023.
             Slain by Robin
             ... wielding a +2 heavy falchion
              (6 damage)
             ... on level 2 of the Dungeon.
             The game lasted 00:01:07 (1264 turns).

SnakkuSnakku7 the Magician (Deep Elf Transmuter)    Turns: 1264, Time: 00:01:07

Health: -1/16      AC:  2    Str:  7    XL:     2   Next: 75%
Magic:  8/8        EV: 12    Int: 17    God:
Gold:   79         SH:  0    Dex: 15    Spells: 6/7 levels left

rFire   . .          .
                       - Unarmed
rCold   . . .        (no shield)
rNeg    . . .        a - +0 robe
rPois   .            (helmet currently unavailable)
rElec   .            (no cloak)
rCorr   .            (no gloves)
SInv    .            (boots currently unavailable)
Will    .....        (no amulet)
Stlth   +            (no ring)
HPRegen 0.22/turn    (no ring)
MPRegen 0.11/turn

%: no passive effects
@: appendages (expiring)
A: horns 2, talons 2
a: End Transformation


You were on level 2 of the Dungeon.
You had temporarily grown beastly horns and talons.
You visited 1 branch of the dungeon, and saw 2 of its levels.

You collected 79 gold pieces.

Inventory:

Missiles
 h - 2 poisoned darts
Armour
 a - a +0 robe (worn)
Scrolls
 d - 3 scrolls of identify {unknown}
Potions
 b - a potion of lignification
 c - a potion of haste {unknown}
 e - a potion of might {unknown}
 f - a potion of resistance {unknown}
 g - a potion of curing
 i - a potion of berserk rage {unknown}


   Skills:
 - Level 0.7 Fighting
 - Level 2.4 Dodging
 + Level 2.9 Unarmed Combat
 - Level 3.0 Spellcasting
 + Level 3.0 Transmutations


You had 6 spell levels left.
You knew the following spells:

 Your Spells              Type           Power      Damage    Failure   Level
a - Beastly Appendage     Tmut           24%        N/A       4%          1

Your spell library contained the following spells:

 Spells                   Type           Power      Damage    Failure   Level
 Wereblood                Tmut           12%        N/A       8%          2
 Spider Form              Tmut/Pois      7%         N/A       28%         3
 Ice Form                 Ice/Tmut       7%         N/A       67%         4


Dungeon Overview and Level Annotations

Branches:
Dungeon (2/15)

Altars:

Annotations:
D:2 Robin


Innate Abilities, Weirdness & Mutations

You have temporarily grown beastly horns and talons.


Message History

Your horns disappear.
Your talons disappear.
HP restored.
Items here: ))) †.
Things that are here:
a +0 dagger; a +0 sling; a goblin corpse You see here a +0 club.
The goblin shouts!
You hear a shout!
A goblin is nearby!
The goblin barely misses you.
You barely miss the goblin. The goblin hits you with a +0 club.
You barely miss the goblin. The goblin closely misses you.
You closely miss the goblin. You closely miss the goblin.
The goblin hits you but does no damage.
Casting: Beastly Appendage (safe; 4% risk of failure)
Confirm with . or Enter, or press ? or * to list all spells.
You grow a pair of large bovine horns.
Your feet morph into talons.
The goblin misses you.
You hit the goblin. You punch the goblin.
The goblin is severely wounded.
The goblin closely misses you.
You closely miss the goblin. Your kick misses the goblin.
The goblin is severely wounded.
The goblin drinks a potion.
The goblin is healed!
The goblin hits you but does no damage. Robin throws the goblin at you!
You hit the goblin.
You kill the goblin!
Your transformation is almost over.
You see here a +0 club.
Robin attacks as you move away!
Robin hits you with a +2 heavy falchion.
You hit Robin.
Robin is moderately wounded.
Robin hits you with a +2 heavy falchion.
You hit Robin. You claw Robin.
Robin is heavily wounded.
You closely miss Robin. You claw Robin.
Robin is severely wounded.
Robin hits you with a +2 heavy falchion.
You die...

#.##.# ...#.##### ##.#.....#
#.#####.# #.....#.# #.....#.#
##.....#)#
.......#)###########
#......#...)....@g.## ###.
##..<..###########).#####.....
####.## ##.......## #.#
###...[..# #.# #.##..## #.#
...# .# ..# #.... .. ###
...### .# ..## ..


You could see Robin.

Vanquished Creatures
  An endoplasm (D:1)
  7 goblins
  2 hobgoblins (D:2)
  4 jackals (D:1)
  2 ball pythons (D:1)
  2 frilled lizards (D:1)
  A kobold (D:1)
  2 rats (D:1)
21 creatures vanquished.

Notes
Turn   | Place    | Note
-------+----------+-------------------------------------------
     0 | D:1      | SnakkuSnakku7 the Deep Elf Transmuter began the quest for
                  | the Orb.
     0 | D:1      | Reached XP level 1. HP: 11/11 MP: 6/6
   344 | D:1      | Reached XP level 2. HP: 16/16 MP: 6/8
  1152 | D:2      | Noticed Robin
  1264 | D:2      | Slain by Robin

Illustrated notes

Levels and vault maps discovered:
D:1:      dpeg_arrival_more_subterranean_lakeside_camping, layout_basic
D:2:      minmay_razor_zed, layout_rooms, serial_co_window_serial,
          co_window_cross_1, co_window_corner_a, co_window_paths_b,
          co_window_corner_a, co_window_corner_a, co_window_2corner,
          co_window_broadway_b, co_window_corner_ca, co_window_unsneaky_path_a,
          co_window_corner_ca, glass_columns_a, kennysheep_potato, uniq_robin,
          uniq_crazy_yiuf_cottage

Skill      XL: |  1  2 |
---------------+-------+-----
Transmutations | 3 |  3.0
Fighting       | |  0.7
Dodging        | |  2.4
Unarmed Combat | |  2.9
Spellcasting   | |  3.0

Action                     || total
---------------------------++-------
  Melee: Unarmed           ||    60
         Kick              ||    15
         Headbutt          ||     4
         Punch             ||     1
   Cast: Beastly Appendage ||    12
 Armour: Robe              ||    11
  Dodge: Dodged            ||    27
